[Event "HUN-ch Rapid 2019"]
[Site "Ajka"]
[Date "2019.07.21"]
[Round "13.13"]
[White "Csonka, Balazs"]
[Black "Borhy, Marcell"]
[Result "1/2-1/2"]
[ECO "A21"]
[WhiteElo "2472"]
[BlackElo "2382"]
[Annotator "ChessBase"]
[PlyCount "92"]
[EventDate "2019.07.18"]
[EventType "swiss"]
[EventCountry "HUN"]
[SourceTitle "playchess.com"]
[Source "ChessBase"]
[SourceQuality "1"]
[TimeControl "1200+5"]

1. c4 e5 2. Nc3 d6 3. Nf3 Nf6 4. g3 c6 5. Bg2 Be7 6. O-O O-O 7. Rb1 Be6 8. d3 h6 9. b4 Nbd7 10. e4 d5 11. exd5 cxd5 12. Qe2 Qc7 13. Nb5 Qb8 14. Re1 a6 15. Nc3 d4 16. Ne4 Nxe4 17. Qxe4 Bd6 18. Nh4 Ra7 19. Nf5 Re8 20. Nxd6 Qxd6 21. f4 f6 22. fxe5 Nxe5 23. Bf4 Bf7 24. Bxe5 fxe5 25. a4 b6 26. Qc6 Qg6 27. Qxg6 Bxg6 28. Be4 Kh7 29. Rb2 Bxe4 30. Rxe4 a5 31. b5 Kg6 32. Rbe2 Rae7 33. Kf2 Kf6 34. Ke1 Rc8 35. Kd2 Rc5 36. Rf2+ Ke6 37. Rf8 Kd6 38. Ke2 Rcc7 39. Kd2 Rf7 40. Rd8+ Rcd7 41. Re8 Rde7 42. Rd8+ Rd7 43. Rb8 Rb7 44. Re8 Rbe7 45. Rd8+ Rd7 46. Rb8 Rb7 1/2-1/2

[Event "HUN-ch Rapid 2019"]
[Site "Ajka"]
[Date "2019.07.21"]
[Round "13.14"]
[White "Egresi, Mate"]
[Black "Karacsonyi, Gellert"]
[Result "0-1"]
[ECO "D35"]
[WhiteElo "2341"]
[BlackElo "2315"]
[Annotator "NA"]
[PlyCount "128"]
[EventDate "2019.07.18"]
[EventType "swiss"]
[EventCountry "HUN"]
[SourceTitle "playchess.com"]
[Source "ChessBase"]
[SourceQuality "1"]
[TimeControl "1200+5"]

1. d4 Nf6 2. c4 e6 3. Nf3 d5 4. Nc3 Nbd7 5. cxd5 exd5 6. Bf4 c6 7. e3 Be7 8. Bd3 O-O 9. h3 Re8 10. Qc2 b6 11. O-O Bb7 12. Ne5 c5 13. Qa4 Nxe5 14. Bxe5 Bd6 15. Bxd6 Qxd6 16. Rfd1 a6 17. Qa3 Red8 18. dxc5 bxc5 19. Na4 Rac8 20. Rac1 c4 21. Qxd6 Rxd6 22. Bf5 Rcd8 23. Rd4 Ne8 24. Rcd1 g6 25. Bg4 f5 26. Bf3 Nc7 27. Nc3 Bc6 28. R4d2 Kf7 29. Kf1 Ke6 30. Ne2 Nb5 31. Nd4+ Nxd4 32. Rxd4 a5 33. b3 cxb3 34. axb3 Rb8 35. Ra1 Rxb3 36. Rxa5 Rb1+ 37. Bd1 Rd7 38. Kg1 Rdb7 39. Kh2 R1b2 40. Kg3 R7b4 41. Rxb4 Rxb4 42. Ra6 Kd6 43. Bf3 g5 44. Ra7 Bb7 45. Bd1 Ke5 46. Bc2 f4+ 47. exf4+ gxf4+ 48. Kg4 Bc8+ 49. Kg5 Rb2 50. Rc7 Be6 51. h4 Kd6 52. Rc3 d4 53. Rd3 Rxc2 54. Rxd4+ Ke5 55. Ra4 Rxf2 56. Kh6 Rxg2 57. h5 f3 58. Ra3 f2 59. Rf3 Bc4 60. Kxh7 f1=Q 61. Rxf1 Bxf1 62. h6 Bd3+ 63. Kh8 Rg1 64. h7 Rh1 0-1

[Event "HUN-ch Rapid 2019"]
[Site "Ajka"]
[Date "2019.07.21"]
[Round "13.15"]
[White "Marosi, Levente"]
[Black "Emodi, Barnabas"]
[Result "0-1"]
[ECO "B54"]
[WhiteElo "2225"]
[BlackElo "2365"]
[Annotator "NA"]
[PlyCount "86"]
[EventDate "2019.07.18"]
[EventType "swiss"]
[EventCountry "HUN"]
[SourceTitle "playchess.com"]
[Source "ChessBase"]
[SourceQuality "1"]
[TimeControl "1200+5"]

1. e4 c5 2. Nf3 d6 3. d4 cxd4 4. Nxd4 e5 5. Bb5+ Bd7 6. Bxd7+ Qxd7 7. Nf5 Nf6 8. Nc3 Nxe4 9. Nxg7+ Bxg7 10. Nxe4 d5 11. Bh6 O-O 12. Bxg7 Kxg7 13. Ng3 Nc6 14. O-O f5 15. f4 e4 16. c3 Rad8 17. Qh5 Qf7 18. Qh4 Rd6 19. Rad1 Kh8 20. Rd2 Rg8 21. Qh5 Qxh5 22. Nxh5 d4 23. Ng3 Rxg3 24. hxg3 d3 25. Re1 h5 26. Kf2 Kg7 27. Rh1 Kg6 28. g4 fxg4 29. Ke3 Re6 30. f5+ Kxf5 31. Rxh5+ Kg6 32. Rc5 Ne7 33. Rd1 b6 34. Rc4 Nf5+ 35. Kd2 b5 36. Rc5 Rd6 37. Re1 e3+ 38. Kd1 e2+ 39. Kd2 Ng3 40. Rb1 Ne4+ 41. Ke3 Nxc5 42. b4 d2 43. Kxe2 Ne4 0-1

[Event "HUN-ch Rapid 2019"]
[Site "Ajka"]
[Date "2019.07.21"]
[Round "13.16"]
[White "Balint, Vilmos"]
[Black "Bodi, Tibor"]
[Result "0-1"]
[ECO "A06"]
[WhiteElo "2203"]
[BlackElo "2244"]
[Annotator "NA"]
[PlyCount "106"]
[EventDate "2019.07.18"]
[EventType "swiss"]
[EventCountry "HUN"]
[SourceTitle "playchess.com"]
[Source "ChessBase"]
[SourceQuality "1"]
[TimeControl "1200+5"]

1. Nf3 d5 2. g3 Nf6 3. Bg2 e6 4. O-O Be7 5. c4 c6 6. d4 O-O 7. Nc3 Nbd7 8. b3 b6 9. Qc2 Bb7 10. e4 dxe4 11. Nxe4 Nxe4 12. Qxe4 Nf6 13. Qc2 c5 14. Rd1 Qc8 15. dxc5 Qxc5 16. Bb2 Rad8 17. a4 Qh5 18. Ne5 Bxg2 19. Kxg2 Bc5 20. h3 Rxd1 21. Rxd1 Ne4 22. g4 Qh4 23. Nf3 Qxf2+ 24. Qxf2 Nxf2 25. Rd7 Ne4 26. Ne5 a5 27. Nd3 f6 28. Nf4 Re8 29. Nh5 Re7 30. Rd8+ Kf7 31. h4 e5 32. Kf3 Nd6 33. Ng3 g6 34. h5 Ke6 35. Rg8 Kf7 36. Rh8 Kg7 37. Rd8 Nf7 38. Rd5 Ng5+ 39. Ke2 Ne6 40. Kf3 Ng5+ 41. Ke2 Rb7 42. Bc1 Ne6 43. h6+ Kf7 44. Ne4 Ke7 45. g5 f5 46. Nf6 Nd4+ 47. Kd1 Ke6 48. Bb2 Nf3 49. Ke2 Nxg5 50. Bxe5 Ne4 51. Ne8 Rd7 52. Nc7+ Rxc7 53. Bxc7 Nc3+ {[%emt 0:00:01] Be5} 0-1

[Event "HUN-ch Rapid 2019"]
[Site "Ajka"]
[Date "2019.07.21"]
[Round "13.17"]
[White "Farago, Sandor"]
[Black "Kovacsy, Barnabas"]
[Result "1/2-1/2"]
[ECO "B44"]
[WhiteElo "2210"]
[BlackElo "2087"]
[Annotator "NA"]
[PlyCount "124"]
[EventDate "2019.07.18"]
[EventType "swiss"]
[EventCountry "HUN"]
[SourceTitle "playchess.com"]
[Source "ChessBase"]
[SourceQuality "1"]
[TimeControl "1200+5"]

1. e4 c5 2. Nf3 e6 3. d4 cxd4 4. Nxd4 Nc6 5. c4 Nf6 6. Nc3 Bb4 7. Nc2 Bxc3+ 8. bxc3 O-O 9. Bd3 Qa5 10. Bd2 Ne5 11. Qe2 b6 12. O-O Bb7 13. f3 Rac8 14. Ne3 Nxd3 15. Qxd3 Ba6 16. Qd4 d6 17. Rfb1 Qc5 18. Rb4 Bb7 19. a4 a5 20. Rb5 Qxd4 21. cxd4 Nd7 22. Bxa5 Ba6 23. Bb4 Bxb5 24. axb5 Ra8 25. Rc1 Rfc8 26. Bxd6 f6 27. c5 bxc5 28. dxc5 Kf7 29. c6 Nb6 30. c7 Ra7 31. Rc6 Rb7 32. f4 Na8 33. f5 Rb6 34. Rxb6 Nxb6 35. Bc5 Nd7 36. Bd6 Nb6 37. Bc5 Nd7 38. Bd6 Nb6 39. fxe6+ Kxe6 40. Bg3 Kd7 41. h4 Re8 42. Nd5 Nxd5 43. exd5 Re2 44. b6 Rb2 45. Bf2 g5 46. Bd4 Rb4 47. Bc5 Rb5 48. Bd4 Rxd5 49. Bxf6 Rb5 50. Bd4 gxh4 51. Kh2 h5 52. Bf2 Rb2 53. Be3 h3 54. Bd4 Rxg2+ 55. Kxh3 Rg8 56. Bf6 Kc8 57. Kh4 Rg6 58. Be5 Rxb6 59. Bg3 Rb5 60. Bd6 Rd5 61. Bg3 Rd7 62. Kxh5 Rxc7 1/2-1/2

[Event "HUN-ch Rapid 2019"]
[Site "Ajka"]
[Date "2019.07.21"]
[Round "13.18"]
[White "Finszter, Mate"]
[Black "Hoang, Thanh Trang"]
[Result "0-1"]
[ECO "A04"]
[WhiteElo "2276"]
[BlackElo "2414"]
[Annotator "NA"]
[PlyCount "72"]
[EventDate "2019.07.18"]
[EventType "swiss"]
[EventCountry "HUN"]
[SourceTitle "playchess.com"]
[Source "ChessBase"]
[SourceQuality "1"]
[TimeControl "1200+5"]

1. Nf3 f5 2. d3 Nc6 3. e4 e5 4. exf5 d5 5. d4 e4 6. Ne5 Nxe5 7. dxe5 Bxf5 8. c4 d4 9. g4 Bg6 10. Bg2 Bc5 11. O-O Ne7 12. Bg5 h6 13. Bh4 d3 14. Nc3 e3 15. fxe3 Bxe3+ 16. Kh1 c6 17. Ne4 Qd4 18. Nd6+ Kd7 19. Bg3 Rhf8 20. Qb3 Qb6 21. Qd1 Rxf1+ 22. Qxf1 Qd4 23. a4 d2 24. g5 hxg5 25. Bh3+ g4 26. Bg2 Bc2 27. e6+ Kxe6 28. Rd1 Bxd1 29. Qxd1 Rf8 30. c5 Kd7 31. h4 Nf5 32. Nxf5 Rxf5 33. Kh2 Bf2 34. Bxf2 Qxf2 35. Qxg4 Qf4+ 36. Qxf4 Rxf4 0-1

[Event "HUN-ch Rapid 2019"]
[Site "Ajka"]
[Date "2019.07.21"]
[Round "13.19"]
[White "Horvath, Tamas"]
[Black "Seres, Bela"]
[Result "1-0"]
[ECO "B27"]
[WhiteElo "2306"]
[BlackElo "2161"]
[Annotator "NA"]
[PlyCount "101"]
[EventDate "2019.07.18"]
[EventType "swiss"]
[EventCountry "HUN"]
[SourceTitle "playchess.com"]
[Source "ChessBase"]
[SourceQuality "1"]
[TimeControl "1200+5"]

1. e4 c5 2. Nf3 g6 3. c4 Bg7 4. d4 Qb6 5. Nc3 cxd4 6. Nd5 Qa5+ 7. b4 Qd8 8. Nxd4 e6 9. Ne3 Nc6 10. Nxc6 dxc6 11. Qxd8+ Kxd8 12. Rb1 Bc3+ 13. Bd2 Bxd2+ 14. Kxd2 e5 15. Kc3 Nf6 16. Bd3 b6 17. Rhf1 Be6 18. g3 Bh3 19. Rfd1 Ke7 20. f3 h5 21. Bc2 a6 22. c5 b5 23. Rd6 Rhc8 24. f4 exf4 25. gxf4 Ne8 26. Rd2 Rd8 27. Rxd8 Rxd8 28. a4 Nc7 29. Ra1 Ra8 30. a5 Rd8 31. Bb3 Be6 32. Bc2 Bh3 33. Bb3 Be6 34. Bd1 f6 35. h4 f5 36. Bf3 fxe4 37. Bxe4 Kf6 38. Bxc6 Bf5 39. Rd1 Rxd1 40. Nxd1 Ne6 41. Bb7 Nxf4 42. Bxa6 Nd5+ 43. Kb3 Be6 44. Ka3 Bd7 45. Bb7 Ne7 46. Nc3 Bc6 47. a6 g5 48. Ne4+ Kf5 49. Nxg5 Kg4 50. Nf7 Kxh4 51. Ne5 1-0

[Event "HUN-ch Rapid 2019"]
[Site "Ajka"]
[Date "2019.07.21"]
[Round "13.20"]
[White "Kiss, Pal"]
[Black "Szalanczi, Emil"]
[Result "0-1"]
[ECO "D83"]
[WhiteElo "2278"]
[BlackElo "2159"]
[Annotator "NA"]
[PlyCount "76"]
[EventDate "2019.07.18"]
[EventType "swiss"]
[EventCountry "HUN"]
[SourceTitle "playchess.com"]
[Source "ChessBase"]
[SourceQuality "1"]
[TimeControl "1200+5"]

1. d4 Nf6 2. c4 g6 3. Nc3 d5 4. Bf4 Bg7 5. e3 O-O 6. Rc1 c5 7. dxc5 Qa5 8. cxd5 Nbd7 9. a3 Ne4 10. Nge2 Ndxc5 11. f3 Nxc3 12. Nxc3 Na4 13. Qd2 Nxc3 14. bxc3 Qxa3 15. Be2 Bd7 16. Kf2 Rfc8 17. c4 Qc5 18. Rb1 b6 19. Qb4 Qxb4 20. Rxb4 Rc5 21. e4 Ra5 22. Be3 Ra2 23. Rc1 Rc8 24. Kf1 f5 25. c5 bxc5 26. Rb7 Be8 27. Rxc5 Rxc5 28. Bxc5 a5 29. Rxe7 Ba4 30. d6 Rc2 31. Ba3 Bf6 32. Rc7 fxe4 33. fxe4 Kh8 34. h3 Ra2 35. Bc5 Be5 36. Re7 Bf6 37. Ra7 Rd2 38. Bc4 Rc2 0-1